 Dungeon Crawl Stone Soup version 0.26.1-11-gd32895ea62 (webtiles) character file.

Game seed: 1226825988978543054

154 bnns the Chopper (level 5, -1/63 HPs)
             Began as a Demonspawn Berserker on June 8, 2021.
             Was a Believer of Trog.
             Slain by a worm (6 damage)
             ... on level 4 of the Dungeon.
             The game lasted 00:05:03 (3626 turns).

bnns the Chopper (Demonspawn Berserker)             Turns: 3626, Time: 00:05:04

Health: -1/63      AC:  4    Str: 19    XL:     5   Next: 13%
Magic:  5/5        EV: 12    Int:  8    God:    Trog [**....]
Gold:   155        SH:  0    Dex: 12    Spells: 4/4 levels left

rFire    + . .     SeeInvis .   a - +0 hand axe
rCold    . . .     Faith    .   (no shield)
rNeg     . . .     Spirit   .   b - +0 animal skin
rPois    .         Reflect  .   (no helmet)
rElec    .         Harm     .   (no cloak)
rCorr    .         Rampage  .   l - +0 pair of gloves
Will     .....                  e - +0 pair of boots (curse)
Stlth    ..........             (no amulet)
HPRegen  0.20/turn              (no ring)
MPRegen  0.09/turn              (no ring)

@: berserking, lethally poisoned (-1 -> -5), very quick
A: talons 1, fire resistance 1, flame cloud immunity
a: Renounce Religion, Berserk, Trog's Hand


You were on level 4 of the Dungeon.
You worshipped Trog.
Trog was pleased with you.
You visited 1 branch of the dungeon, and saw 4 of its levels.

You collected 155 gold pieces.

Inventory:

Hand Weapons
 a - a +0 hand axe (weapon)
Armour
 b - a +0 animal skin (worn)
 e - a cursed +0 pair of boots (worn)
 l - a +0 pair of gloves (worn)
Scrolls
 c - a scroll of magic mapping
 h - a scroll of fog {unknown}
 i - 2 scrolls of remove curse {unknown}
 k - 3 scrolls of amnesia {unknown}
 m - 2 scrolls of fear {unknown}
 n - 2 scrolls of blinking {unknown}
 t - a scroll of immolation {unknown}
Potions
 d - a potion of might
 g - 2 potions of brilliance
 j - 3 potions of flight
 o - a potion of lignification {unknown}
 p - a potion of curing {unknown}
 q - a potion of heal wounds {unknown}
 r - a potion of attraction {unknown}
 s - a potion of berserk rage {unknown}


   Skills:
 + Level 3.8 Fighting
 + Level 4.2 Axes
 - Level 2.0 Armour
 - Level 2.0 Dodging
 + Level 1.4 Stealth


You had 4 spell levels left.
You didn't know any spells.
Your spell library was empty.

Dungeon Overview and Level Annotations

Branches:
Dungeon (4/15)
 Temple: D:4-7

Altars:


Innate Abilities, Weirdness & Mutations

You have sharp toenails.
Your flesh is heat resistant. (rF+)
You are immune to clouds of flame.


Message History

You feel sick. The worker ant bites you.
* * * LOW HITPOINT WARNING * * *
A red film seems to cover your vision as you go berserk!
You feel yourself moving faster!
You feel mighty!
* * * LOW HITPOINT WARNING * * *
You feel sick. The worker ant closely misses you.
You slash the worker ant!
You kill the worker ant!
Trog accepts your kill.
You have reached level 5!
Your demonic ancestry asserts itself...
You feel less concerned about heat.
You are too berserk!
* * * LOW HITPOINT WARNING * * *
You feel sick.
You slash the worm!
The worm is severely wounded.
* * * LOW HITPOINT WARNING * * *
You feel sick. The worm bites you.
You die...

,*,,*,,,,***,,,,,,,,,,,***,**
,,,,*,,,,,*,********,,,,,,,,**
*,*,**,,,,,,**,*,*,*,,,,,,,,,**
*,,,,,,,,∩,**≈≈≈≈≈≈***,,,,*,,,**
,,****,,,,,*_,,,,,,+,,,****,,,,*
,,,*,,,,,,,**≈≈≈≈≈≈*,,,,#*,,,***
,,,,,,,,.,,,*,*,*,**,,...,,,,***
,,,,,,,*#...########.....,,,**,**
,,,,,,,,........@w.......,,,**,,*
,,,,,,,,.......†.........,,,,,,,,
,,,,,,,,.................,,,,,,,*
>,,,,,,,.................,,,,,,,,
,,,,,,,,.........).......,,,,,,,,
*,,,,,,,.................**,,,,,,
**,,,,,,..##.............**,,,,,,
,,,,,,**##*#.......$.....,,,,,*,,
,,,,,,,,,***,,,,,,,,,,,,,,,,,,*,,


You could see a worm.

Vanquished Creatures
  An iguana (D:2)
  A worker ant (D:4)
  5 adders (D:2)
  3 oozes
  4 worms
  2 dart slugs
  3 giant cockroaches
  2 goblins
  5 hobgoblins
  A ball python (D:2)
  4 bats
  3 frilled lizards
  2 kobolds
  5 rats
41 creatures vanquished.

Notes
Turn   | Place    | Note
-------+----------+-------------------------------------------
     0 | D:1      | bnns the Demonspawn Berserker began the quest for the Orb.
     0 | D:1      | Reached XP level 1. HP: 18/18 MP: 1/1
   460 | D:1      | Gained mutation: You have sharp toenails. [demonic
                  | ancestry]
   460 | D:1      | Reached XP level 2. HP: 19/24 MP: 2/2
   728 | D:1      | Reached skill level 3 in Axes
   951 | D:2      | Reached XP level 3. HP: 27/29 MP: 3/3
  1409 | D:2      | Reached ** piety under Trog
  1826 | D:2      | Reached skill level 1 in Stealth
  1826 | D:2      | Gained mutation: Your flesh is heat resistant. (rF+)
                  | [demonic ancestry]
  1826 | D:2      | Reached XP level 4. HP: 36/36 MP: 4/4
  2549 | D:2      | Reached skill level 4 in Axes
  2870 | D:3      | Found a faded altar of an unknown god.
  3625 | D:4      | Gained mutation: You are immune to clouds of flame.
                  | [demonic ancestry]
  3625 | D:4      | Reached XP level 5. HP: 7/42 MP: 5/5
  3626 | D:4      | Slain by a worm

Illustrated notes

Levels and vault maps discovered:
D:1:      dpeg_arrival_fog, layout_basic
D:2:      layout_loops_ring, minmay_fountain_box
D:3:      layout_basic, chequers_ecumenical_altar_simple_redux, minivault_5
D:4:      layout_cave_pools, lemuel_round_altar, minitemple, serial_shops, shop,
          corexii_hall_statues_t, grunt_ministairs_3,
          hangedman_decor_peaks_small, okawaru_altar_gauntlet_db

Skill      XL: |  1  2  3  4 |
---------------+-------------+-----
Armour         | 2 |  2.0
Axes           | 3 4 |  4.2
Dodging        | 2 |  2.0
Stealth        | 1 |  1.4
Fighting       | |  3.8

Action                   |  1- 3 |  4- 6 || total
-------------------------+-------+-------++-------
Melee: Hand axe          |   104 |    95 ||   199
Invok: Berserk           |     2 |     1 ||     3
  Use: Scroll            |       |     4 ||     4
 Stab: Sleeping          |     1 |     3 ||     4
Armor: Animal skin       |    17 |    25 ||    42
Dodge: Dodged            |    62 |    64 ||   126
